[ AOE2 MATCH · #474986721 ]
UnrankedBerbers vs Bohemians
[ REPLAY ANALYSIS · EXTRACTED FROM THE RECORDED GAME ]
Feudal
13:24
Castle
17:19
Imperial
37:09
| APM avg | 33.4 |
| APM peak | 70 |
| eAPM avg | 18.0 |
| Villagers / military | 166 / 174 |
Focus
⚔️ 29.0% · 🌾 71.0%
Camel Archer ×158 · Fishing Ship ×8 · Demolition Raft ×5 · Trebuchet (Packed) ×5 · Knight ×4 · Unknown (2626) ×4
Feudal
13:32
Castle
24:46
Imperial
49:07
| APM avg | 31.7 |
| APM peak | 55 |
| eAPM avg | 19.4 |
| Villagers / military | 88 / 126 |
Focus
⚔️ 35.3% · 🌾 64.7%
Serjeant ×79 · Spearman ×34 · Fishing Ship ×11 · Mangonel ×7 · Petard ×5 · Trebuchet (Packed) ×1
Feudal
14:08
Castle
22:33
Imperial
37:03
| APM avg | 44.3 |
| APM peak | 77 |
| eAPM avg | 21.7 |
| Villagers / military | 133 / 158 |
Focus
⚔️ 32.5% · 🌾 67.5%
Skirmisher ×114 · Fishing Ship ×34 · Hand Cannoneer ×22 · Bombard Cannon ×18 · Unknown (2626) ×12 · Fire Galley ×4
Feudal
13:08
Castle
18:28
Imperial
32:04
| APM avg | 38.1 |
| APM peak | 89 |
| eAPM avg | 21.2 |
| Villagers / military | 144 / 170 |
Focus
⚔️ 27.6% · 🌾 72.4%
Arambai ×137 · Fishing Ship ×19 · Trebuchet (Packed) ×13 · Fire Galley ×7 · Battle Elephant ×7 · Mangonel ×5
Feudal
14:12
Castle
19:38
Imperial
—
| APM avg | 56.7 |
| APM peak | 95 |
| eAPM avg | 28.1 |
| Villagers / military | 141 / 172 |
Focus
⚔️ 36.7% · 🌾 63.3%
Archer ×162 · Fishing Ship ×12 · Mangonel ×8 · Skirmisher ×1 · Battering Ram ×1
Feudal
13:50
Castle
17:43
Imperial
37:13
| APM avg | 56.7 |
| APM peak | 86 |
| eAPM avg | 42.2 |
| Villagers / military | 182 / 234 |
Focus
⚔️ 43.8% · 🌾 56.2%
Knight ×215 · Fishing Ship ×40 · Mangonel ×7 · Trebuchet (Packed) ×6 · Scorpion ×3 · Trade Cart ×2
Feudal
12:58
Castle
19:55
Imperial
—
| APM avg | 24.0 |
| APM peak | 45 |
| eAPM avg | 11.0 |
| Villagers / military | 53 / 90 |
Focus
⚔️ 36.5% · 🌾 63.5%
Archer ×56 · Spearman ×32 · Fishing Ship ×8 · Transport Ship ×2
Feudal
12:43
Castle
19:24
Imperial
45:07
| APM avg | 29.1 |
| APM peak | 69 |
| eAPM avg | 15.9 |
| Villagers / military | 137 / 64 |
Focus
⚔️ 32.4% · 🌾 67.6%
Genoese Crossbowman ×54 · Fishing Ship ×10 · Galley ×3 · Mangonel ×3 · Trebuchet (Packed) ×3 · Demolition Raft ×1
Match map
Initial resources + every placement click. Lines = walls · curves = elevation contours. ◆ gold · ⬟ stone · ● berries · ✦ relic · ◌ wall gap
Your base· Open — unwalled flank
Teejay Gatsby's base· Open — 8t gap
gogo's base· Open — 11t gap
Vingtor's base· Open — 3t gap
CC呀是白日梦想家's base· Open — unwalled flank
整点幽默的's base· Open — 13t gap
ddzz's base· Open — unwalled flank
劳力天尊's base· Open — 10t gap
Smoothed initial terrain · ◌ = detected wall gap · hover for details
Inputs per minute
— pNaStY- oG. - - Teejay Gatsby
Build order — pNaStY- oG.
First 150 of 396 actions detected
| 0:35 | Build | Town Center |
| 1:08 | Build | Dock |
| 1:57 | Build | House |
| 2:48 | Create | Villager (Male) ×4 |
| 2:49 | Research | Loom |
| 3:47 | Create | Villager (Male) |
| 3:48 | Create | Villager (Male) |
| 4:13 | Build | House |
| 4:22 | Create | Villager (Male) |
| 4:23 | Create | Villager (Male) |
| 4:57 | Create | Fishing Ship |
| 4:57 | Create | Fishing Ship |
| 5:15 | Create | Villager (Male) |
| 5:40 | Create | Fishing Ship |
| 6:20 | Create | Villager (Male) |
| 6:20 | Create | Villager (Male) |
| 6:20 | Create | Villager (Male) |
| 6:24 | Build | House |
| 7:00 | Create | Fishing Ship |
| 7:21 | Create | Villager (Male) |
| 7:21 | Create | Villager (Male) |
| 7:21 | Create | Villager (Male) |
| 7:25 | Create | Fishing Ship |
| 7:32 | Build | House |
| 8:00 | Create | Villager (Male) |
| 8:07 | Create | Fishing Ship |
| 8:30 | Create | Villager (Male) |
| 8:30 | Create | Villager (Male) |
| 8:40 | Create | Fishing Ship |
| 9:03 | Create | Villager (Male) |
| 9:03 | Create | Villager (Male) |
| 9:03 | Create | Villager (Male) |
| 9:14 | Create | Fishing Ship |
| 9:35 | Create | Villager (Male) |
| 9:41 | Build | House |
| 9:56 | Build | House |
| 10:08 | Build | Mining Camp |
| 10:40 | Build | Lumber Camp |
| 11:14 | Research | Feudal Age |
| 11:14 | Research | Feudal Age |
| 11:24 | Build | Mill |
| 12:07 | Create | Villager (Male) |
| 12:08 | Create | Villager (Male) |
| 12:08 | Create | Villager (Male) |
| 12:50 | Build | House |
| 13:24 | Age | Feudal Age |
| 13:27 | Build | Market |
| 13:59 | Build | Blacksmith |
| 14:23 | Build | Palisade Wall |
| 14:36 | Research | Castle Age |
| 14:41 | Research | Double-Bit Axe |
| 15:08 | Build | House |
| 15:10 | Build | Palisade Wall |
| 16:23 | Build | House |
| 17:00 | Build | Palisade Wall |
| 17:11 | Build | House |
| 17:13 | Build | Palisade Wall |
| 17:18 | Create | Villager (Male) |
| 17:18 | Create | Villager (Male) |
| 17:18 | Create | Villager (Male) |
| 17:19 | Age | Castle Age |
| 17:24 | Build | Town Center |
| 17:56 | Build | Palisade Wall |
| 18:23 | Build | House |
| 18:27 | Build | Town Center |
| 18:33 | Create | Villager (Male) |
| 18:34 | Create | Villager (Male) |
| 18:40 | Research | Bow Saw |
| 18:40 | Research | Bow Saw |
| 19:11 | Build | Town Center |
| 19:22 | Build | Palisade Wall |
| 19:41 | Research | Horse Collar |
| 19:43 | Create | Villager (Male) |
| 19:43 | Create | Villager (Male) |
| 19:45 | Create | Villager (Male) |
| 19:45 | Create | Villager (Male) |
| 19:50 | Build | House |
| 20:15 | Create | Villager (Male) ×4 |
| 20:15 | Create | Villager (Male) ×4 |
| 20:52 | Create | Villager (Male) |
| 20:52 | Create | Villager (Male) |
| 20:52 | Create | Villager (Male) |
| 20:53 | Create | Villager (Male) |
| 20:54 | Create | Villager (Male) |
| 21:01 | Build | Barracks |
| 21:05 | Create | Villager (Male) |
| 21:06 | Create | Villager (Male) |
| 21:13 | Build | Palisade Wall |
| 21:24 | Build | Farm |
| 21:28 | Create | Villager (Male) |
| 21:28 | Create | Villager (Male) |
| 21:28 | Create | Villager (Male) |
| 21:29 | Create | Villager (Male) |
| 21:46 | Create | Villager (Male) |
| 21:56 | Build | Farm |
| 22:01 | Build | Farm |
| 22:17 | Build | Stable |
| 22:23 | Build | Farm |
| 22:24 | Build | Farm |
| 22:25 | Create | Villager (Male) |
| 22:25 | Create | Villager (Male) |
| 22:26 | Create | Villager (Male) |
| 22:26 | Create | Villager (Male) |
| 22:52 | Build | Monastery |
| 23:25 | Create | Knight |
| 23:28 | Build | House |
| 23:33 | Build | Farm |
| 23:36 | Create | Villager (Male) ×5 |
| 23:37 | Create | Villager (Male) ×5 |
| 23:37 | Create | Villager (Male) ×3 |
| 23:40 | Build | Farm |
| 23:42 | Create | Monk |
| 23:55 | Create | Villager (Male) |
| 24:05 | Build | Farm |
| 24:08 | Build | Farm |
| 24:10 | Build | Farm |
| 24:14 | Build | Farm |
| 24:15 | Create | Villager (Male) |
| 24:16 | Create | Villager (Male) |
| 24:16 | Create | Villager (Male) |
| 24:16 | Create | Villager (Male) |
| 24:23 | Create | Knight |
| 24:42 | Create | Demolition Raft |
| 24:45 | Build | House |
| 24:47 | Create | Knight |
| 24:49 | Create | Villager (Male) |
| 24:49 | Create | Villager (Male) |
| 24:53 | Build | Farm |
| 24:55 | Build | Farm |
| 24:56 | Build | Farm |
| 24:58 | Build | Farm |
| 24:59 | Build | Farm |
| 25:11 | Create | Villager (Male) |
| 25:11 | Create | Villager (Male) |
| 25:15 | Build | Farm |
| 25:15 | Build | Farm |
| 25:18 | Build | Farm |
| 25:35 | Build | Castle |
| 25:41 | Build | Farm |
| 25:43 | Build | Farm |
| 25:44 | Create | Villager (Male) |
| 25:44 | Create | Villager (Male) |
| 25:45 | Create | Villager (Male) |
| 25:45 | Create | Villager (Male) |
| 25:45 | Create | Villager (Male) |
| 25:49 | Create | Monk |
| 26:07 | Research | Husbandry |
| 26:20 | Create | Demolition Raft |
| 26:22 | Build | House |
| 26:24 | Create | Knight |
Build order — Teejay Gatsby
First 150 of 303 actions detected
| 0:08 | Build | Town Center |
| 1:39 | Build | Dock |
| 1:48 | Build | Palisade Wall |
| 1:52 | Build | House |
| 1:55 | Build | Palisade Wall |
| 2:26 | Create | Villager (Male) |
| 2:26 | Create | Villager (Male) |
| 2:26 | Create | Villager (Male) |
| 2:27 | Create | Villager (Male) |
| 2:27 | Create | Villager (Male) |
| 4:06 | Create | Villager (Male) |
| 4:06 | Create | Villager (Male) |
| 4:37 | Create | Villager (Male) |
| 4:42 | Build | House |
| 4:57 | Create | Fishing Ship |
| 5:05 | Research | Loom |
| 5:27 | Create | Villager (Male) |
| 5:27 | Create | Villager (Male) |
| 5:55 | Create | Villager (Male) |
| 6:06 | Create | Fishing Ship |
| 6:11 | Build | House |
| 6:21 | Create | Villager (Male) |
| 6:29 | Build | House |
| 6:37 | Create | Fishing Ship |
| 6:59 | Create | Villager (Male) |
| 7:09 | Build | Palisade Wall |
| 7:12 | Build | House |
| 7:26 | Create | Fishing Ship |
| 7:40 | Create | Villager (Male) |
| 8:09 | Create | Villager (Male) |
| 8:13 | Create | Fishing Ship |
| 8:29 | Build | House |
| 8:35 | Create | Villager (Male) |
| 9:01 | Create | Fishing Ship |
| 9:29 | Build | Mill |
| 9:33 | Create | Villager (Male) |
| 9:33 | Create | Villager (Male) |
| 9:38 | Build | House |
| 9:54 | Build | Mill |
| 9:59 | Create | Fishing Ship |
| 10:17 | Create | Villager (Male) |
| 10:32 | Build | Lumber Camp |
| 10:33 | Create | Villager (Male) |
| 10:55 | Build | Mining Camp |
| 11:07 | Build | House |
| 11:22 | Research | Feudal Age |
| 11:22 | Research | Feudal Age |
| 12:01 | Create | Fishing Ship |
| 13:12 | Build | Donjon |
| 13:17 | Create | Villager (Male) |
| 13:32 | Age | Feudal Age |
| 13:40 | Create | Villager (Male) |
| 13:40 | Create | Villager (Male) |
| 13:44 | Create | Fishing Ship |
| 13:50 | Build | House |
| 13:51 | Build | House |
| 13:53 | Create | Serjeant |
| 13:53 | Create | Serjeant |
| 14:00 | Build | Blacksmith |
| 15:03 | Build | Donjon |
| 15:09 | Build | Mining Camp |
| 15:12 | Create | Villager (Male) |
| 15:13 | Create | Villager (Male) |
| 15:17 | Build | Mining Camp |
| 15:28 | Create | Villager (Male) |
| 15:28 | Create | Villager (Male) |
| 15:30 | Research | Double-Bit Axe |
| 15:38 | Create | Fishing Ship |
| 16:05 | Research | Scale Mail Armor |
| 16:20 | Build | Donjon |
| 16:22 | Create | Serjeant |
| 16:26 | Create | Villager (Male) |
| 16:39 | Build | Outpost |
| 16:44 | Create | Villager (Male) |
| 16:48 | Create | Serjeant |
| 16:53 | Create | Serjeant |
| 16:56 | Create | Serjeant |
| 17:00 | Build | House |
| 17:02 | Create | Fishing Ship |
| 17:10 | Build | Outpost |
| 17:20 | Build | House |
| 17:23 | Build | House |
| 17:28 | Build | House |
| 17:35 | Build | House |
| 17:36 | Build | House |
| 17:56 | Build | Donjon |
| 18:03 | Build | Donjon |
| 18:12 | Create | Villager (Male) |
| 18:14 | Build | Market |
| 18:18 | Research | Horse Collar |
| 18:18 | Create | Villager (Male) |
| 18:28 | Build | House |
| 18:30 | Create | Villager (Male) |
| 18:59 | Build | Farm |
| 19:05 | Create | Serjeant |
| 19:07 | Create | Serjeant |
| 19:19 | Build | Farm |
| 19:21 | Create | Villager (Male) |
| 19:49 | Create | Serjeant |
| 19:51 | Create | Serjeant |
| 20:26 | Create | Villager (Male) |
| 20:27 | Build | Farm |
| 20:27 | Build | Farm |
| 20:28 | Build | Farm |
| 20:28 | Build | Farm |
| 20:56 | Create | Serjeant |
| 21:01 | Build | House |
| 21:02 | Create | Villager (Male) |
| 21:02 | Create | Villager (Male) |
| 21:44 | Build | Farm |
| 22:06 | Research | Castle Age |
| 22:15 | Build | House |
| 22:19 | Create | Serjeant |
| 22:28 | Create | Serjeant |
| 22:29 | Create | Serjeant |
| 22:43 | Build | House |
| 22:55 | Create | Serjeant |
| 22:55 | Create | Serjeant |
| 23:07 | Create | Villager (Male) |
| 23:28 | Build | Dock |
| 23:43 | Build | Barracks |
| 23:58 | Create | Serjeant |
| 23:59 | Create | Serjeant |
| 23:59 | Create | Serjeant |
| 24:17 | Create | Serjeant |
| 24:18 | Create | Serjeant |
| 24:18 | Create | Serjeant |
| 24:46 | Age | Castle Age |
| 24:54 | Build | Donjon |
| 25:22 | Build | Siege Workshop |
| 25:26 | Create | Villager (Male) |
| 25:26 | Create | Villager (Male) |
| 25:35 | Research | Chain Mail Armor |
| 26:03 | Build | Castle |
| 26:04 | Create | Mangonel |
| 26:11 | Create | Serjeant |
| 26:11 | Create | Serjeant |
| 26:11 | Create | Serjeant |
| 26:22 | Create | Villager (Male) |
| 27:22 | Create | Serjeant |
| 27:22 | Create | Serjeant |
| 27:33 | Build | Castle |
| 27:42 | Create | Serjeant |
| 27:43 | Create | Serjeant |
| 27:43 | Create | Serjeant |
| 28:14 | Build | Castle |
| 28:18 | Create | Serjeant |
| 28:19 | Create | Serjeant |
| 28:19 | Create | Serjeant |
| 28:19 | Create | Serjeant |
Build order — gogo
First 150 of 474 actions detected
| 0:05 | Build | Town Center |
| 0:39 | Build | Dock |
| 0:44 | Build | House |
| 2:46 | Create | Villager (Male) |
| 2:47 | Create | Villager (Male) |
| 2:47 | Create | Villager (Male) |
| 2:48 | Create | Villager (Male) |
| 2:48 | Create | Villager (Male) |
| 3:43 | Create | Villager (Male) |
| 4:33 | Create | Fishing Ship |
| 4:38 | Build | House |
| 4:51 | Research | Loom |
| 4:54 | Create | Villager (Male) |
| 5:23 | Create | Fishing Ship |
| 5:54 | Create | Villager (Male) |
| 6:19 | Create | Villager (Male) |
| 6:48 | Create | Villager (Male) |
| 6:48 | Create | Villager (Male) |
| 6:51 | Create | Fishing Ship |
| 6:52 | Create | Fishing Ship |
| 7:06 | Create | Villager (Male) |
| 7:11 | Build | House |
| 7:27 | Create | Villager (Male) |
| 7:28 | Create | Villager (Male) |
| 7:51 | Create | Fishing Ship |
| 8:02 | Create | Villager (Male) |
| 8:12 | Create | Fishing Ship |
| 8:19 | Build | House |
| 8:46 | Create | Villager (Male) |
| 8:52 | Create | Villager (Male) |
| 8:52 | Create | Villager (Male) |
| 9:14 | Create | Villager (Male) |
| 9:31 | Create | Villager (Male) |
| 9:51 | Create | Villager (Male) |
| 9:59 | Build | House |
| 10:00 | Build | House |
| 10:13 | Create | Fishing Ship |
| 10:13 | Create | Fishing Ship |
| 10:41 | Build | House |
| 11:11 | Build | Lumber Camp |
| 11:31 | Build | Mining Camp |
| 11:33 | Create | Villager (Male) |
| 11:45 | Research | Feudal Age |
| 12:06 | Create | Villager (Male) |
| 12:06 | Create | Villager (Male) |
| 12:14 | Create | Fishing Ship |
| 13:04 | Build | House |
| 13:05 | Build | House |
| 13:06 | Build | House |
| 13:15 | Create | Villager (Male) |
| 14:08 | Age | Feudal Age |
| 14:16 | Create | Unit 2626 |
| 14:17 | Create | Unit 2626 |
| 14:31 | Research | Tech 906 |
| 14:35 | Create | Villager (Male) |
| 15:01 | Build | Blacksmith |
| 15:10 | Create | Villager (Male) |
| 15:13 | Research | Double-Bit Axe |
| 15:38 | Build | Barracks |
| 15:47 | Build | Mill |
| 15:49 | Create | Villager (Male) |
| 15:50 | Create | Villager (Male) |
| 15:50 | Create | Villager (Male) |
| 15:57 | Build | Dock |
| 16:13 | Create | Villager (Male) |
| 16:44 | Create | Unit 2626 |
| 16:45 | Create | Unit 2626 |
| 16:58 | Build | Market |
| 17:10 | Create | Villager (Male) |
| 17:15 | Build | House |
| 17:17 | Create | Fishing Ship |
| 17:17 | Create | Fishing Ship |
| 17:18 | Create | Fishing Ship |
| 17:45 | Build | Farm |
| 17:46 | Build | Farm |
| 17:47 | Build | Farm |
| 17:49 | Build | Farm |
| 17:53 | Build | Farm |
| 17:54 | Build | Farm |
| 17:57 | Create | Villager (Male) |
| 17:57 | Create | Villager (Male) |
| 18:05 | Create | Fishing Ship |
| 18:05 | Create | Fishing Ship |
| 18:37 | Create | Fishing Ship |
| 18:37 | Create | Fishing Ship |
| 18:45 | Build | Dock |
| 19:05 | Create | Villager (Male) |
| 19:51 | Create | Villager (Male) |
| 19:53 | Research | Castle Age |
| 20:22 | Research | Horse Collar |
| 20:37 | Research | Fletching |
| 21:01 | Create | Unit 2626 |
| 21:01 | Create | Unit 2626 |
| 21:04 | Create | Fishing Ship |
| 21:04 | Create | Fishing Ship |
| 21:05 | Create | Fishing Ship |
| 21:18 | Create | Fishing Ship |
| 21:18 | Create | Fishing Ship |
| 21:19 | Create | Fishing Ship |
| 21:38 | Build | Dock |
| 22:05 | Build | House |
| 22:07 | Build | House |
| 22:10 | Build | House |
| 22:16 | Build | House |
| 22:17 | Build | House |
| 22:19 | Build | House |
| 22:20 | Build | House |
| 22:33 | Age | Castle Age |
| 22:46 | Research | Gillnets |
| 23:01 | Create | Fishing Ship |
| 23:02 | Create | Fishing Ship |
| 23:25 | Build | Mining Camp |
| 23:31 | Build | House |
| 23:34 | Create | Fishing Ship |
| 23:34 | Create | Fishing Ship |
| 23:34 | Create | Fishing Ship |
| 23:47 | Create | Fishing Ship |
| 23:48 | Create | Fishing Ship |
| 23:49 | Create | Fishing Ship |
| 23:57 | Create | Villager (Male) |
| 23:58 | Create | Villager (Male) |
| 23:58 | Create | Villager (Male) |
| 24:00 | Create | Villager (Male) |
| 24:15 | Create | Villager (Male) |
| 24:30 | Build | Town Center |
| 24:57 | Create | Villager (Male) |
| 25:04 | Research | Heavy Plow |
| 25:06 | Research | Bow Saw |
| 25:12 | Create | Villager (Male) |
| 25:24 | Build | Dock |
| 25:34 | Create | Villager (Male) |
| 26:06 | Research | Wheelbarrow |
| 26:07 | Research | Town Watch |
| 26:19 | Create | Villager (Male) |
| 26:19 | Create | Villager (Male) |
| 26:19 | Create | Villager (Male) |
| 26:19 | Create | Villager (Male) |
| 26:20 | Create | Villager (Male) |
| 26:20 | Create | Villager (Male) |
| 27:06 | Build | Town Center |
| 27:35 | Create | Fire Galley |
| 27:35 | Create | Fire Galley |
| 27:44 | Research | War Galley (upgrade) |
| 27:45 | Create | Fire Galley |
| 27:46 | Create | Fire Galley |
| 28:02 | Create | Villager (Male) |
| 28:02 | Create | Villager (Male) |
| 28:12 | Create | Villager (Male) |
| 28:12 | Create | Villager (Male) |
| 28:13 | Create | Villager (Male) |
Build order — Vingtor
First 150 of 429 actions detected
| 0:03 | Build | Town Center |
| 1:10 | Build | Dock |
| 1:13 | Build | Palisade Wall |
| 1:14 | Build | Palisade Wall |
| 1:17 | Build | House |
| 2:32 | Create | Villager (Male) |
| 2:32 | Create | Villager (Male) |
| 2:32 | Create | Villager (Male) |
| 2:39 | Research | Loom |
| 2:39 | Research | Loom |
| 2:41 | Create | Villager (Male) |
| 2:41 | Create | Villager (Male) |
| 2:41 | Create | Villager (Male) |
| 2:41 | Create | Villager (Male) |
| 4:21 | Create | Villager (Male) |
| 4:21 | Create | Villager (Male) |
| 4:21 | Create | Villager (Male) |
| 4:45 | Build | House |
| 4:55 | Create | Villager (Male) |
| 5:15 | Build | Palisade Wall |
| 5:23 | Create | Villager (Male) |
| 5:24 | Create | Villager (Male) |
| 5:45 | Create | Fishing Ship |
| 5:45 | Create | Villager (Male) |
| 6:19 | Create | Villager (Male) |
| 6:19 | Create | Villager (Male) |
| 6:29 | Create | Villager (Male) |
| 6:29 | Create | Villager (Male) |
| 6:32 | Build | House |
| 6:51 | Create | Fishing Ship |
| 7:04 | Create | Villager (Male) |
| 7:04 | Create | Villager (Male) |
| 7:29 | Create | Villager (Male) |
| 7:29 | Create | Villager (Male) |
| 7:31 | Create | Fishing Ship |
| 7:31 | Create | Fishing Ship |
| 7:45 | Build | House |
| 8:19 | Create | Villager (Male) |
| 8:22 | Create | Fishing Ship |
| 8:22 | Create | Fishing Ship |
| 8:48 | Build | House |
| 8:52 | Create | Villager (Male) |
| 8:52 | Create | Villager (Male) |
| 9:00 | Create | Fishing Ship |
| 9:00 | Create | Fishing Ship |
| 9:10 | Build | House |
| 9:40 | Create | Villager (Male) |
| 9:43 | Build | Mill |
| 9:48 | Create | Villager (Male) |
| 10:22 | Build | Mining Camp |
| 10:33 | Create | Villager (Male) |
| 10:40 | Create | Fishing Ship |
| 10:40 | Create | Fishing Ship |
| 10:58 | Research | Feudal Age |
| 10:58 | Research | Feudal Age |
| 11:03 | Build | Palisade Wall |
| 11:43 | Build | Dock |
| 12:15 | Build | Lumber Camp |
| 13:08 | Age | Feudal Age |
| 13:10 | Build | Market |
| 13:12 | Create | Villager (Male) |
| 13:26 | Create | Fishing Ship |
| 13:26 | Create | Fishing Ship |
| 13:40 | Build | Blacksmith |
| 13:46 | Create | Villager (Male) |
| 13:46 | Create | Villager (Male) |
| 14:00 | Research | Town Watch |
| 14:04 | Build | House |
| 14:12 | Build | House |
| 14:40 | Create | Fishing Ship |
| 14:40 | Create | Fishing Ship |
| 14:42 | Create | Villager (Male) |
| 14:57 | Create | Fishing Ship |
| 14:57 | Create | Fishing Ship |
| 14:57 | Create | Fishing Ship |
| 15:23 | Create | Villager (Male) |
| 15:46 | Research | Castle Age |
| 16:10 | Research | Horse Collar |
| 16:25 | Create | Fishing Ship |
| 16:25 | Create | Fishing Ship |
| 16:27 | Research | Tech 906 |
| 16:27 | Research | Tech 906 |
| 16:41 | Create | Fire Galley |
| 16:41 | Create | Fire Galley |
| 17:27 | Build | House |
| 17:38 | Build | House |
| 17:44 | Create | Villager (Male) |
| 17:44 | Create | Villager (Male) |
| 18:28 | Age | Castle Age |
| 18:29 | Build | Town Center |
| 18:32 | Build | Town Center |
| 18:35 | Create | Villager (Male) |
| 18:36 | Create | Villager (Male) |
| 18:45 | Build | Siege Workshop |
| 18:53 | Create | Villager (Male) |
| 18:53 | Create | Villager (Male) |
| 19:01 | Create | Fire Galley |
| 19:01 | Create | Fire Galley |
| 19:06 | Create | Fire Galley |
| 19:17 | Create | Villager (Male) |
| 19:18 | Create | Villager (Male) |
| 19:38 | Create | Mangonel |
| 19:38 | Create | Mangonel |
| 19:42 | Create | Villager (Male) |
| 19:42 | Create | Villager (Male) |
| 19:58 | Create | Villager (Male) |
| 19:58 | Create | Villager (Male) |
| 19:59 | Research | Wheelbarrow |
| 20:35 | Create | Villager (Male) |
| 20:35 | Create | Villager (Male) |
| 20:35 | Create | Villager (Male) |
| 20:39 | Create | Fire Galley |
| 20:40 | Create | Fire Galley |
| 20:54 | Create | Villager (Male) |
| 20:54 | Create | Villager (Male) |
| 21:17 | Create | Villager (Male) |
| 21:22 | Create | Villager (Male) |
| 21:22 | Create | Villager (Male) |
| 21:22 | Create | Villager (Male) |
| 21:37 | Create | Villager (Male) |
| 21:37 | Create | Villager (Male) |
| 21:37 | Create | Villager (Male) |
| 22:00 | Build | House |
| 22:00 | Build | House |
| 22:01 | Build | House |
| 22:01 | Build | House |
| 22:01 | Build | House |
| 22:07 | Create | Villager (Male) |
| 22:07 | Create | Villager (Male) |
| 22:07 | Create | Villager (Male) |
| 22:10 | Build | House |
| 22:20 | Build | Monastery |
| 22:50 | Research | War Galley (upgrade) |
| 22:59 | Create | Villager (Male) |
| 23:02 | Create | Monk |
| 23:16 | Build | Castle |
| 23:27 | Create | Mangonel |
| 23:27 | Create | Mangonel |
| 23:28 | Create | Villager (Male) |
| 23:29 | Create | Villager (Male) |
| 23:29 | Create | Villager (Male) |
| 23:49 | Build | Outpost |
| 23:54 | Build | Outpost |
| 23:57 | Build | Outpost |
| 24:01 | Build | Outpost |
| 24:04 | Research | Hand Cart |
| 24:05 | Research | Hand Cart |
| 24:23 | Create | Villager (Male) |
| 24:23 | Create | Villager (Male) |
| 24:23 | Create | Villager (Male) |
Build order — CC呀是白日梦想家
First 150 of 447 actions detected
| 0:10 | Build | Town Center |
| 1:29 | Build | Dock |
| 2:34 | Create | Villager (Male) |
| 2:34 | Create | Villager (Male) |
| 2:34 | Create | Villager (Male) |
| 2:34 | Create | Villager (Male) |
| 2:42 | Build | House |
| 3:37 | Create | Fishing Ship |
| 4:05 | Build | House |
| 4:20 | Research | Loom |
| 4:47 | Create | Villager (Male) |
| 4:48 | Create | Fishing Ship |
| 5:20 | Create | Villager (Male) |
| 5:44 | Create | Fishing Ship |
| 5:47 | Create | Villager (Male) |
| 6:05 | Create | Villager (Male) |
| 6:20 | Build | House |
| 6:32 | Create | Villager (Male) |
| 7:01 | Create | Villager (Male) |
| 7:02 | Create | Fishing Ship |
| 7:22 | Create | Villager (Male) |
| 7:40 | Build | House |
| 7:46 | Create | Fishing Ship |
| 7:51 | Create | Villager (Male) |
| 7:52 | Create | Villager (Male) |
| 7:52 | Create | Villager (Male) |
| 8:01 | Create | Villager (Male) |
| 8:20 | Create | Villager (Male) |
| 8:20 | Create | Fishing Ship |
| 8:23 | Create | Villager (Male) |
| 8:28 | Build | House |
| 8:38 | Create | Fishing Ship |
| 8:59 | Build | House |
| 9:24 | Build | Mill |
| 9:27 | Build | House |
| 9:41 | Create | Villager (Male) |
| 9:43 | Create | Fishing Ship |
| 9:43 | Create | Fishing Ship |
| 10:01 | Create | Villager (Male) |
| 10:13 | Build | House |
| 10:20 | Create | Fishing Ship |
| 10:24 | Create | Villager (Male) |
| 10:25 | Build | House |
| 10:34 | Build | Mining Camp |
| 10:38 | Create | Villager (Male) |
| 10:40 | Build | House |
| 10:56 | Create | Fishing Ship |
| 11:11 | Build | House |
| 11:15 | Build | Palisade Wall |
| 11:20 | Build | Palisade Wall |
| 11:27 | Create | Villager (Male) |
| 11:48 | Research | Feudal Age |
| 12:30 | Build | Lumber Camp |
| 12:38 | Create | Fishing Ship |
| 12:57 | Build | House |
| 13:43 | Create | Villager (Male) |
| 13:43 | Create | Villager (Male) |
| 13:46 | Build | Barracks |
| 14:05 | Build | Palisade Wall |
| 14:10 | Build | Palisade Wall |
| 14:12 | Age | Feudal Age |
| 14:26 | Build | House |
| 14:28 | Build | House |
| 15:06 | Create | Villager (Male) |
| 15:07 | Create | Villager (Male) |
| 15:36 | Build | Archery Range |
| 16:00 | Research | Town Watch |
| 16:23 | Build | Blacksmith |
| 16:29 | Create | Villager (Male) |
| 16:46 | Create | Archer |
| 16:58 | Research | Castle Age |
| 17:09 | Build | Lumber Camp |
| 17:36 | Build | Mining Camp |
| 17:59 | Build | House |
| 18:02 | Build | House |
| 18:07 | Create | Villager (Male) |
| 18:09 | Create | Archer |
| 18:09 | Create | Archer |
| 18:26 | Build | Mining Camp |
| 18:45 | Create | Villager (Male) |
| 18:56 | Build | Mining Camp |
| 18:59 | Create | Villager (Male) |
| 19:15 | Create | Villager (Male) |
| 19:38 | Age | Castle Age |
| 19:44 | Create | Archer |
| 20:23 | Create | Archer |
| 20:23 | Create | Archer |
| 20:26 | Research | Crossbowman (upgrade) |
| 20:41 | Create | Archer |
| 20:43 | Create | Villager (Male) |
| 20:44 | Research | Fletching |
| 20:50 | Create | Villager (Male) |
| 21:21 | Build | Town Center |
| 21:26 | Create | Villager (Male) |
| 22:00 | Create | Villager (Male) |
| 22:00 | Create | Villager (Male) |
| 22:00 | Create | Villager (Male) |
| 22:08 | Create | Archer |
| 22:08 | Create | Archer |
| 22:49 | Create | Villager (Male) |
| 22:50 | Create | Archer |
| 22:50 | Create | Archer |
| 22:50 | Create | Archer |
| 23:06 | Create | Villager (Male) |
| 23:14 | Create | Archer |
| 23:14 | Create | Archer |
| 23:23 | Research | Bodkin Arrow |
| 23:25 | Create | Archer |
| 23:26 | Create | Archer |
| 23:31 | Create | Villager (Male) |
| 23:32 | Create | Archer |
| 23:32 | Create | Archer |
| 23:41 | Build | Archery Range |
| 23:44 | Create | Archer |
| 23:51 | Create | Villager (Male) |
| 23:52 | Create | Archer |
| 23:52 | Create | Archer |
| 24:01 | Create | Villager (Male) |
| 24:01 | Create | Villager (Male) |
| 24:01 | Create | Villager (Male) |
| 24:02 | Create | Archer |
| 24:12 | Create | Villager (Male) |
| 24:13 | Create | Villager (Male) |
| 24:14 | Create | Archer |
| 24:14 | Create | Archer |
| 24:28 | Create | Archer |
| 24:37 | Create | Archer |
| 24:39 | Create | Archer |
| 24:39 | Create | Archer |
| 24:39 | Create | Archer |
| 25:01 | Create | Villager (Male) |
| 25:01 | Create | Archer |
| 25:15 | Build | House |
| 25:16 | Create | Villager (Male) |
| 25:22 | Create | Villager (Male) |
| 25:25 | Build | House |
| 25:27 | Create | Villager (Male) |
| 25:28 | Create | Villager (Male) |
| 25:32 | Build | Town Center |
| 25:33 | Create | Archer |
| 25:47 | Create | Archer |
| 25:54 | Create | Villager (Male) |
| 26:13 | Create | Archer |
| 26:26 | Create | Villager (Male) |
| 26:34 | Build | Siege Workshop |
| 26:39 | Create | Villager (Male) |
| 26:40 | Create | Archer |
| 26:42 | Create | Archer |
| 26:42 | Create | Archer |
| 27:14 | Create | Villager (Male) |
Build order — 整点幽默的
First 150 of 731 actions detected
| 0:34 | Build | Town Center |
| 0:43 | Build | Dock |
| 1:25 | Build | House |
| 2:47 | Create | Villager (Male) |
| 2:47 | Create | Villager (Male) |
| 2:48 | Create | Villager (Male) |
| 2:48 | Create | Villager (Male) |
| 2:48 | Create | Villager (Male) |
| 3:46 | Create | Villager (Male) |
| 3:53 | Create | Fishing Ship |
| 3:53 | Create | Fishing Ship |
| 4:12 | Build | Palisade Wall |
| 4:17 | Build | Palisade Wall |
| 4:24 | Build | Palisade Wall |
| 4:33 | Build | House |
| 5:02 | Create | Villager (Male) |
| 5:03 | Create | Villager (Male) |
| 5:29 | Create | Villager (Male) |
| 5:29 | Create | Villager (Male) |
| 5:33 | Build | House |
| 5:53 | Create | Villager (Male) |
| 5:53 | Create | Villager (Male) |
| 6:02 | Create | Fishing Ship |
| 6:03 | Create | Fishing Ship |
| 6:21 | Create | Villager (Male) |
| 6:35 | Create | Fishing Ship |
| 6:35 | Create | Fishing Ship |
| 6:42 | Create | Villager (Male) |
| 6:56 | Build | Palisade Wall |
| 7:02 | Build | Palisade Wall |
| 7:04 | Build | House |
| 7:11 | Create | Villager (Male) |
| 7:11 | Create | Villager (Male) |
| 7:19 | Build | House |
| 7:27 | Build | House |
| 7:29 | Create | Villager (Male) |
| 7:29 | Create | Villager (Male) |
| 7:37 | Create | Fishing Ship |
| 7:37 | Create | Fishing Ship |
| 7:37 | Create | Fishing Ship |
| 7:46 | Create | Villager (Male) |
| 7:59 | Create | Fishing Ship |
| 7:59 | Create | Fishing Ship |
| 8:14 | Create | Villager (Male) |
| 8:15 | Create | Villager (Male) |
| 8:15 | Create | Villager (Male) |
| 8:26 | Build | House |
| 8:34 | Create | Fishing Ship |
| 8:34 | Create | Fishing Ship |
| 8:48 | Create | Villager (Male) |
| 8:49 | Create | Villager (Male) |
| 8:57 | Create | Villager (Male) |
| 8:57 | Create | Villager (Male) |
| 9:28 | Build | Mill |
| 9:37 | Create | Fishing Ship |
| 10:02 | Create | Villager (Male) |
| 10:20 | Create | Villager (Male) |
| 10:28 | Create | Fishing Ship |
| 10:43 | Build | House |
| 10:51 | Create | Villager (Male) |
| 11:00 | Research | Loom |
| 11:04 | Build | Palisade Wall |
| 11:23 | Build | Dock |
| 11:40 | Research | Feudal Age |
| 11:40 | Research | Feudal Age |
| 11:47 | Build | Lumber Camp |
| 12:02 | Build | Mining Camp |
| 12:44 | Create | Fishing Ship |
| 12:44 | Create | Fishing Ship |
| 12:44 | Create | Fishing Ship |
| 13:24 | Create | Villager (Male) |
| 13:50 | Age | Feudal Age |
| 13:59 | Build | Blacksmith |
| 14:00 | Build | Market |
| 14:02 | Research | Town Watch |
| 15:03 | Research | Castle Age |
| 15:03 | Research | Castle Age |
| 15:12 | Build | Town Center |
| 15:20 | Build | Town Center |
| 15:37 | Research | Tech 906 |
| 15:37 | Research | Tech 906 |
| 15:37 | Research | Tech 906 |
| 15:51 | Build | House |
| 16:01 | Research | Double-Bit Axe |
| 16:01 | Research | Double-Bit Axe |
| 16:02 | Create | Villager (Male) |
| 16:06 | Build | Palisade Wall |
| 16:15 | Create | Villager (Male) |
| 16:19 | Build | House |
| 16:44 | Build | House |
| 16:46 | Create | Villager (Male) |
| 17:15 | Create | Villager (Male) |
| 17:18 | Create | Villager (Male) |
| 17:39 | Create | Villager (Male) |
| 17:43 | Age | Castle Age |
| 17:51 | Create | Villager (Male) |
| 17:58 | Create | Villager (Male) |
| 18:00 | Research | Horse Collar |
| 18:00 | Research | Horse Collar |
| 18:01 | Create | Villager (Male) |
| 18:10 | Build | Town Center |
| 18:11 | Create | Villager (Male) |
| 18:12 | Create | Villager (Male) |
| 18:21 | Create | Villager (Male) |
| 18:27 | Build | Farm |
| 18:32 | Build | Farm |
| 18:33 | Create | Villager (Male) |
| 18:41 | Build | Palisade Wall |
| 18:49 | Create | Villager (Male) |
| 18:58 | Build | Farm |
| 18:58 | Create | Villager (Male) |
| 19:10 | Create | Villager (Male) |
| 19:23 | Create | Villager (Male) |
| 19:33 | Create | Villager (Male) |
| 19:34 | Create | Villager (Male) |
| 19:37 | Research | Bow Saw |
| 19:38 | Research | Bow Saw |
| 19:38 | Research | Bow Saw |
| 19:39 | Create | Villager (Male) |
| 19:47 | Create | Villager (Male) |
| 19:49 | Create | Villager (Male) |
| 20:01 | Create | Villager (Male) |
| 20:05 | Create | Villager (Male) |
| 20:17 | Build | Siege Workshop |
| 20:20 | Create | Villager (Male) |
| 20:27 | Create | Villager (Male) |
| 20:29 | Build | House |
| 20:37 | Research | Wheelbarrow |
| 20:46 | Create | Villager (Male) |
| 20:48 | Create | Mangonel |
| 20:57 | Create | Villager (Male) |
| 21:01 | Create | Villager (Male) |
| 21:16 | Create | Villager (Male) |
| 21:20 | Create | Villager (Male) |
| 21:23 | Build | House |
| 21:25 | Build | Dock |
| 21:29 | Build | Town Center |
| 21:35 | Create | Villager (Male) |
| 21:39 | Create | Villager (Male) |
| 21:54 | Create | Villager (Male) |
| 22:09 | Create | Villager (Male) |
| 22:13 | Build | Barracks |
| 22:21 | Create | Villager (Male) |
| 22:30 | Build | Town Center |
| 22:34 | Build | House |
| 22:37 | Create | Villager (Male) |
| 22:38 | Create | Scorpion |
| 22:42 | Build | House |
| 22:56 | Create | Villager (Male) |
| 23:01 | Build | Lumber Camp |
Build order — ddzz
First 150 of 210 actions detected
| 0:27 | Build | Town Center |
| 2:37 | Create | Villager (Male) |
| 2:37 | Create | Villager (Male) |
| 2:38 | Create | Villager (Male) |
| 2:38 | Create | Villager (Male) |
| 2:38 | Create | Villager (Male) |
| 2:45 | Build | House |
| 3:24 | Build | Dock |
| 3:55 | Research | Loom |
| 4:02 | Create | Fishing Ship |
| 4:44 | Create | Fishing Ship |
| 5:03 | Create | Villager (Male) |
| 5:08 | Build | House |
| 5:51 | Create | Villager (Male) |
| 6:06 | Create | Fishing Ship |
| 6:07 | Create | Fishing Ship |
| 6:22 | Create | Villager (Male) |
| 6:48 | Create | Villager (Male) |
| 6:55 | Build | House |
| 7:03 | Create | Villager (Male) |
| 7:03 | Create | Villager (Male) |
| 7:10 | Create | Fishing Ship |
| 7:35 | Create | Villager (Male) |
| 7:43 | Create | Fishing Ship |
| 8:08 | Create | Villager (Male) |
| 8:31 | Create | Villager (Male) |
| 8:34 | Create | Villager (Male) |
| 8:35 | Create | Fishing Ship |
| 8:38 | Build | House |
| 8:50 | Create | Villager (Male) |
| 9:13 | Create | Fishing Ship |
| 9:52 | Build | Lumber Camp |
| 10:22 | Build | House |
| 10:23 | Create | Villager (Male) |
| 10:39 | Research | Feudal Age |
| 10:54 | Build | Mill |
| 11:46 | Build | Mining Camp |
| 11:51 | Create | Villager (Male) |
| 12:48 | Build | Barracks |
| 12:58 | Age | Feudal Age |
| 13:01 | Research | Double-Bit Axe |
| 13:16 | Create | Villager (Male) |
| 13:37 | Create | Villager (Male) |
| 13:41 | Build | House |
| 13:53 | Create | Villager (Male) |
| 13:59 | Build | Archery Range |
| 14:19 | Build | Mill |
| 14:21 | Create | Villager (Male) |
| 14:51 | Create | Villager (Male) |
| 15:05 | Build | Blacksmith |
| 15:15 | Create | Villager (Male) |
| 15:17 | Create | Archer |
| 15:38 | Create | Archer |
| 15:47 | Create | Villager (Male) |
| 15:55 | Build | Archery Range |
| 16:12 | Create | Villager (Male) |
| 16:32 | Build | House |
| 16:54 | Create | Archer |
| 17:06 | Research | Castle Age |
| 17:24 | Create | Archer |
| 17:48 | Create | Archer |
| 17:51 | Create | Villager (Male) |
| 17:54 | Research | Fletching |
| 17:58 | Research | Gold Mining |
| 18:16 | Create | Archer |
| 18:33 | Create | Archer |
| 18:33 | Create | Archer |
| 18:53 | Create | Archer |
| 18:53 | Create | Archer |
| 18:54 | Create | Villager (Male) |
| 19:07 | Build | Archery Range |
| 19:27 | Create | Archer |
| 19:27 | Create | Archer |
| 19:42 | Create | Archer |
| 19:42 | Create | Archer |
| 19:55 | Age | Castle Age |
| 19:58 | Research | Bodkin Arrow |
| 19:59 | Research | Padded Archer Armor |
| 20:01 | Research | Bow Saw |
| 20:41 | Build | House |
| 20:48 | Build | Farm |
| 20:48 | Build | Farm |
| 20:56 | Create | Archer |
| 20:56 | Create | Archer |
| 21:27 | Create | Archer |
| 21:27 | Create | Archer |
| 21:28 | Create | Villager (Male) |
| 21:30 | Create | Villager (Male) |
| 21:51 | Research | Crossbowman (upgrade) |
| 22:20 | Create | Villager (Male) |
| 22:21 | Create | Archer |
| 22:23 | Build | House |
| 22:53 | Create | Archer |
| 22:53 | Create | Archer |
| 22:54 | Create | Archer |
| 23:07 | Create | Archer |
| 23:08 | Create | Villager (Male) |
| 23:09 | Create | Villager (Male) |
| 23:24 | Create | Archer |
| 23:41 | Create | Archer |
| 23:42 | Create | Archer |
| 23:42 | Create | Archer |
| 23:43 | Create | Villager (Male) |
| 24:02 | Create | Archer |
| 24:09 | Create | Villager (Male) |
| 24:31 | Build | House |
| 24:34 | Build | House |
| 24:39 | Build | Farm |
| 24:40 | Build | Farm |
| 24:40 | Build | Farm |
| 24:43 | Build | Farm |
| 24:44 | Build | Farm |
| 24:44 | Build | Farm |
| 24:45 | Build | Farm |
| 24:46 | Build | Farm |
| 24:48 | Create | Archer |
| 24:49 | Create | Archer |
| 25:35 | Create | Archer |
| 25:35 | Create | Archer |
| 25:36 | Create | Archer |
| 25:49 | Create | Villager (Male) ×4 |
| 25:56 | Build | House |
| 26:46 | Create | Archer |
| 26:46 | Create | Archer |
| 27:32 | Create | Archer ×5 |
| 28:34 | Create | Archer ×5 |
| 28:51 | Create | Villager (Male) |
| 29:24 | Research | Thumb Ring |
| 29:59 | Research | Leather Archer Armor |
| 30:20 | Create | Villager (Male) |
| 30:23 | Build | University |
| 30:27 | Build | House |
| 30:28 | Build | House |
| 30:54 | Create | Archer ×3 |
| 31:21 | Create | Archer ×3 |
| 31:46 | Create | Villager (Male) |
| 31:46 | Create | Villager (Male) |
| 32:09 | Create | Spearman |
| 32:09 | Create | Spearman |
| 32:10 | Create | Spearman |
| 32:11 | Create | Spearman |
| 32:13 | Research | Forging |
| 32:37 | Create | Villager (Male) |
| 32:41 | Create | Spearman ×5 |
| 33:29 | Create | Archer ×5 |
| 33:32 | Create | Villager (Male) ×5 |
| 33:56 | Build | House |
| 34:30 | Research | Iron Casting |
| 35:09 | Build | House |
| 35:40 | Research | Ballistics |
Build order — 劳力天尊
First 150 of 340 actions detected
| 0:39 | Build | Town Center |
| 0:49 | Build | Dock |
| 0:51 | Build | House |
| 2:52 | Create | Villager (Male) |
| 2:52 | Create | Villager (Male) |
| 2:52 | Create | Villager (Male) |
| 2:53 | Research | Loom |
| 2:53 | Create | Villager (Male) |
| 2:54 | Create | Villager (Male) |
| 3:51 | Create | Fishing Ship |
| 4:25 | Create | Villager (Male) |
| 4:38 | Build | House |
| 5:00 | Create | Villager (Male) |
| 5:01 | Create | Villager (Male) |
| 5:22 | Create | Villager (Male) |
| 5:22 | Create | Villager (Male) |
| 5:34 | Create | Fishing Ship |
| 5:52 | Create | Villager (Male) |
| 6:01 | Build | House |
| 6:13 | Create | Villager (Male) |
| 6:18 | Build | House |
| 6:22 | Build | Palisade Wall |
| 6:45 | Create | Villager (Male) |
| 6:45 | Create | Villager (Male) |
| 6:47 | Create | Fishing Ship |
| 6:57 | Create | Villager (Male) |
| 7:05 | Build | House |
| 7:06 | Create | Villager (Male) |
| 7:06 | Create | Villager (Male) |
| 7:40 | Create | Fishing Ship |
| 7:56 | Create | Villager (Male) |
| 8:08 | Create | Fishing Ship |
| 8:20 | Create | Villager (Male) |
| 8:34 | Create | Villager (Male) |
| 8:56 | Create | Villager (Male) |
| 8:58 | Build | Mining Camp |
| 9:22 | Create | Villager (Male) |
| 9:41 | Create | Fishing Ship |
| 10:01 | Create | Villager (Male) |
| 10:13 | Build | Mill |
| 10:33 | Research | Feudal Age |
| 10:39 | Research | Loom |
| 11:15 | Create | Villager (Male) |
| 11:21 | Build | Palisade Wall |
| 11:25 | Build | Palisade Wall |
| 12:21 | Create | Villager (Male) |
| 12:37 | Build | Dock |
| 12:43 | Age | Feudal Age |
| 12:50 | Create | Galley |
| 13:04 | Build | House |
| 13:07 | Build | House |
| 13:17 | Create | Galley |
| 13:36 | Create | Galley |
| 13:39 | Create | Villager (Male) |
| 13:53 | Create | Villager (Male) |
| 14:11 | Create | Demolition Raft |
| 14:21 | Build | Lumber Camp |
| 14:45 | Research | Wheelbarrow |
| 15:07 | Create | Villager (Male) |
| 15:10 | Research | Double-Bit Axe |
| 15:30 | Build | Market |
| 15:36 | Create | Villager (Male) |
| 15:49 | Create | Villager (Male) |
| 16:11 | Build | Blacksmith |
| 16:15 | Build | House |
| 16:44 | Research | Castle Age |
| 16:50 | Build | Mining Camp |
| 16:53 | Build | Palisade Wall |
| 16:57 | Research | Stone Mining |
| 17:23 | Create | Villager (Male) |
| 17:32 | Create | Villager (Male) |
| 17:53 | Research | Fletching |
| 18:35 | Research | Tech 906 |
| 18:36 | Create | Fishing Ship |
| 18:36 | Create | Fishing Ship |
| 18:42 | Build | House |
| 18:43 | Build | House |
| 18:48 | Research | Horse Collar |
| 18:51 | Research | Gold Mining |
| 18:54 | Create | Villager (Male) |
| 19:01 | Research | Horse Collar |
| 19:10 | Create | Fishing Ship |
| 19:10 | Create | Fishing Ship |
| 19:14 | Create | Villager (Male) |
| 19:24 | Age | Castle Age |
| 19:28 | Research | Bow Saw |
| 20:01 | Create | Villager (Male) |
| 20:37 | Create | Villager (Male) |
| 20:58 | Build | House |
| 21:10 | Build | Castle |
| 21:15 | Create | Villager (Male) |
| 21:39 | Create | Villager (Male) |
| 22:20 | Build | Town Center |
| 22:21 | Create | Villager (Male) |
| 22:26 | Build | Town Center |
| 22:32 | Build | Farm |
| 22:32 | Build | Farm |
| 22:32 | Build | Farm |
| 22:56 | Build | House |
| 22:57 | Create | Villager (Male) |
| 23:02 | Research | Gillnets |
| 23:07 | Create | Genoese Crossbowman |
| 23:08 | Create | Genoese Crossbowman |
| 23:16 | Build | Farm |
| 23:18 | Build | Farm |
| 23:32 | Create | Villager (Male) |
| 23:32 | Create | Villager (Male) |
| 23:33 | Create | Villager (Male) |
| 23:36 | Build | House |
| 23:58 | Create | Villager (Male) |
| 23:59 | Research | Hand Cart |
| 24:01 | Create | Villager (Male) |
| 24:04 | Build | Farm |
| 24:17 | Create | Villager (Male) |
| 24:18 | Create | Villager (Male) |
| 24:36 | Create | Villager (Male) |
| 24:43 | Create | Genoese Crossbowman |
| 24:43 | Create | Genoese Crossbowman |
| 24:46 | Research | Padded Archer Armor |
| 25:01 | Build | Lumber Camp |
| 25:09 | Build | University |
| 25:13 | Create | Genoese Crossbowman |
| 25:19 | Create | Villager (Male) |
| 25:23 | Create | Villager (Male) |
| 25:26 | Build | Siege Workshop |
| 25:29 | Research | Bodkin Arrow |
| 25:31 | Create | Villager (Male) |
| 25:44 | Build | House |
| 25:46 | Build | House |
| 25:49 | Build | Stone Wall |
| 25:50 | Create | Villager (Male) |
| 26:00 | Research | Ballistics |
| 26:03 | Create | Mangonel |
| 26:09 | Create | Villager (Male) ×5 |
| 26:14 | Build | Farm |
| 26:28 | Create | Villager (Male) |
| 26:32 | Research | Town Watch |
| 26:39 | Build | Farm |
| 26:42 | Build | Farm |
| 27:08 | Create | Mangonel |
| 27:09 | Create | Villager (Male) |
| 27:11 | Create | Genoese Crossbowman |
| 27:11 | Create | Genoese Crossbowman |
| 27:20 | Create | Villager (Male) |
| 27:20 | Create | Villager (Male) |
| 27:20 | Create | Villager (Male) |
| 27:23 | Build | Farm |
| 27:24 | Create | Villager (Male) |
| 27:26 | Build | Farm |
| 27:26 | Build | Farm |
Match timeline
| 0:39 | gogo · first_building Dock |
| 0:43 | 整点幽默的 · first_building Dock |
| 0:49 | 劳力天尊 · first_building Dock |
| 1:08 | pNaStY- oG. · first_building Dock |
| 1:10 | Vingtor · first_building Dock |
| 1:13 | Vingtor · wall_segment Palisade Wall x1 |
| 1:14 | Vingtor · wall_segment Palisade Wall x1 |
| 1:29 | CC呀是白日梦想家 · first_building Dock |
| 1:39 | Teejay Gatsby · first_building Dock |
| 1:48 | Teejay Gatsby · wall_segment Palisade Wall x1 |
| 1:55 | Teejay Gatsby · wall_segment Palisade Wall x1 |
| 3:24 | ddzz · first_building Dock |
| 4:12 | 整点幽默的 · wall_segment Palisade Wall x1 |
| 4:17 | 整点幽默的 · wall_segment Palisade Wall x1 |
| 4:24 | 整点幽默的 · wall_segment Palisade Wall x1 |
| 5:15 | Vingtor · wall_segment Palisade Wall x1 |
| 6:22 | 劳力天尊 · wall_segment Palisade Wall x1 |
| 6:56 | 整点幽默的 · wall_segment Palisade Wall x1 |
| 7:02 | 整点幽默的 · wall_segment Palisade Wall x1 |
| 7:09 | Teejay Gatsby · wall_segment Palisade Wall x1 |
| 11:03 | Vingtor · wall_segment Palisade Wall x6 |
| 11:04 | 整点幽默的 · wall_segment Palisade Wall x1 |
| 11:15 | CC呀是白日梦想家 · wall_segment Palisade Wall x3 |
| 11:20 | CC呀是白日梦想家 · wall_segment Palisade Wall x3 |
| 11:21 | 劳力天尊 · wall_segment Palisade Wall x6 |
| 11:25 | 劳力天尊 · wall_segment Palisade Wall x7 |
| 12:43 | 劳力天尊 · age_up feudal |
| 12:48 | ddzz · first_building Barracks |
| 12:58 | ddzz · age_up feudal |
| 13:08 | Vingtor · age_up feudal |
| 13:12 | Teejay Gatsby · first_building Donjon |
| 13:24 | pNaStY- oG. · age_up feudal |
| 13:32 | Teejay Gatsby · age_up feudal |
| 13:46 | CC呀是白日梦想家 · first_building Barracks |
| 13:50 | 整点幽默的 · age_up feudal |
| 13:59 | ddzz · first_building Archery Range |
| 14:05 | CC呀是白日梦想家 · wall_segment Palisade Wall x7 |
| 14:08 | gogo · age_up feudal |
| 14:10 | CC呀是白日梦想家 · wall_segment Palisade Wall x7 |
| 14:12 | CC呀是白日梦想家 · age_up feudal |
| 14:23 | pNaStY- oG. · wall_segment Palisade Wall x1 |
| 15:10 | pNaStY- oG. · wall_segment Palisade Wall x6 |
| 15:35 | Vingtor · first_market_sell 100 wood |
| 15:36 | CC呀是白日梦想家 · first_building Archery Range |
| 15:36 | Vingtor · first_market_buy 100 food |
| 15:38 | gogo · first_building Barracks |
| 16:06 | 整点幽默的 · wall_segment Palisade Wall x1 |
| 16:53 | 劳力天尊 · wall_segment Palisade Wall x4 |
| 17:00 | pNaStY- oG. · wall_segment Palisade Wall x4 |
| 17:13 | pNaStY- oG. · wall_segment Palisade Wall x8 |
| 17:19 | pNaStY- oG. · age_up castle |
| 17:43 | 整点幽默的 · age_up castle |
| 17:56 | pNaStY- oG. · wall_segment Palisade Wall x4 |
| 18:28 | Vingtor · age_up castle |
| 18:41 | 整点幽默的 · wall_segment Palisade Wall x1 |
| 18:45 | Vingtor · first_building Siege Workshop |
| 19:01 | pNaStY- oG. · first_market_buy 100 stone |
| 19:03 | pNaStY- oG. · first_market_sell 100 food |
| 19:22 | pNaStY- oG. · wall_segment Palisade Wall x4 |
| 19:24 | 劳力天尊 · age_up castle |
| 19:38 | CC呀是白日梦想家 · age_up castle |
| 19:55 | ddzz · age_up castle |
| 20:17 | 整点幽默的 · first_building Siege Workshop |
| 21:00 | 整点幽默的 · first_market_buy 100 stone |
| 21:01 | pNaStY- oG. · first_building Barracks |
| 21:10 | 劳力天尊 · first_building Castle |
| 21:13 | pNaStY- oG. · wall_segment Palisade Wall x10 |
| 21:30 | Teejay Gatsby · first_market_buy 100 food |
| 21:32 | Teejay Gatsby · first_market_sell 100 wood |
| 21:57 | 劳力天尊 · first_market_buy 100 stone |
| 22:13 | 整点幽默的 · first_building Barracks |
| 22:17 | pNaStY- oG. · first_building Stable |
| 22:20 | Vingtor · first_building Monastery |
| 22:33 | gogo · age_up castle |
| 22:52 | pNaStY- oG. · first_building Monastery |
| 23:16 | Vingtor · first_building Castle |
| 23:24 | 整点幽默的 · first_building Stable |
| 23:43 | Teejay Gatsby · first_building Barracks |
| 24:46 | Teejay Gatsby · age_up castle |
| 25:22 | Teejay Gatsby · first_building Siege Workshop |
| 25:26 | 劳力天尊 · first_building Siege Workshop |
| 25:35 | pNaStY- oG. · first_building Castle |
| 25:49 | 劳力天尊 · wall_segment Stone Wall x4 |
| 26:03 | Teejay Gatsby · first_building Castle |
| 26:34 | CC呀是白日梦想家 · first_building Siege Workshop |
| 26:45 | 整点幽默的 · first_market_sell 100 wood |
| 27:32 | Vingtor · first_building Barracks |
| 29:08 | gogo · first_building Castle |
| 29:12 | pNaStY- oG. · first_building Archery Range |
| 29:14 | 劳力天尊 · first_building Barracks |
| 30:08 | Vingtor · first_building Stable |
| 30:20 | 劳力天尊 · first_building Archery Range |
| 30:47 | pNaStY- oG. · tribute_sent a jugador 1 |
| 30:47 | pNaStY- oG. · tribute_sent a jugador 2 |
| 30:47 | pNaStY- oG. · tribute_sent a jugador 3 |
| 30:47 | pNaStY- oG. · tribute_sent a jugador 4 |
| 30:47 | pNaStY- oG. · tribute_sent a jugador 6 |
| 30:47 | pNaStY- oG. · tribute_sent a jugador 7 |
| 30:47 | pNaStY- oG. · tribute_sent a jugador 8 |
| 32:04 | Vingtor · age_up imperial |
| 32:40 | 整点幽默的 · first_building Monastery |
| 33:08 | gogo · first_building Monastery |
| 33:56 | gogo · first_building Siege Workshop |
| 35:21 | CC呀是白日梦想家 · first_building Castle |
| 36:26 | 整点幽默的 · first_building Castle |
| 37:03 | gogo · age_up imperial |
| 37:03 | 劳力天尊 · wall_segment Stone Wall x5 |
| 37:04 | gogo · first_building Archery Range |
| 37:09 | pNaStY- oG. · age_up imperial |
| 37:13 | 整点幽默的 · age_up imperial |
| 41:25 | pNaStY- oG. · tribute_sent a jugador 1 |
| 41:25 | pNaStY- oG. · tribute_sent a jugador 2 |
| 41:25 | pNaStY- oG. · tribute_sent a jugador 3 |
| 41:25 | pNaStY- oG. · tribute_sent a jugador 4 |
| 41:25 | pNaStY- oG. · tribute_sent a jugador 6 |
| 41:25 | pNaStY- oG. · tribute_sent a jugador 7 |
| 41:25 | pNaStY- oG. · tribute_sent a jugador 8 |
| 45:07 | 劳力天尊 · age_up imperial |
| 45:29 | 整点幽默的 · tribute_sent a jugador 1 |
| 45:29 | 整点幽默的 · tribute_sent a jugador 2 |
| 45:29 | 整点幽默的 · tribute_sent a jugador 3 |
| 45:29 | 整点幽默的 · tribute_sent a jugador 4 |
| 45:29 | 整点幽默的 · tribute_sent a jugador 5 |
| 45:29 | 整点幽默的 · tribute_sent a jugador 7 |
| 45:29 | 整点幽默的 · tribute_sent a jugador 8 |
| 45:48 | pNaStY- oG. · tribute_sent a jugador 1 |
| 45:48 | pNaStY- oG. · tribute_sent a jugador 2 |
| 45:48 | pNaStY- oG. · tribute_sent a jugador 3 |
| 45:48 | pNaStY- oG. · tribute_sent a jugador 4 |
| 45:48 | pNaStY- oG. · tribute_sent a jugador 6 |
| 45:48 | pNaStY- oG. · tribute_sent a jugador 7 |
| 45:48 | pNaStY- oG. · tribute_sent a jugador 8 |
| 46:29 | pNaStY- oG. · wall_segment Stone Wall x11 |
| 47:25 | gogo · tribute_sent a jugador 1 |
| 47:25 | gogo · tribute_sent a jugador 3 |
| 47:25 | gogo · tribute_sent a jugador 4 |
| 47:25 | gogo · tribute_sent a jugador 5 |
| 47:25 | gogo · tribute_sent a jugador 6 |
| 47:25 | gogo · tribute_sent a jugador 7 |
| 47:25 | gogo · tribute_sent a jugador 8 |
| 48:55 | pNaStY- oG. · wall_segment Stone Wall x1 |
| 49:01 | pNaStY- oG. · wall_segment Stone Wall x14 |
| 49:07 | Teejay Gatsby · age_up imperial |
| 49:26 | Vingtor · tribute_sent a jugador 1 |
| 49:26 | Vingtor · tribute_sent a jugador 2 |
| 49:26 | Vingtor · tribute_sent a jugador 4 |
| 49:26 | Vingtor · tribute_sent a jugador 5 |
| 49:26 | Vingtor · tribute_sent a jugador 6 |
| 49:26 | Vingtor · tribute_sent a jugador 7 |
| 49:26 | Vingtor · tribute_sent a jugador 8 |
| 49:44 | ddzz · first_market_buy 100 stone |
| 49:53 | 整点幽默的 · tribute_sent a jugador 1 |
| 49:53 | 整点幽默的 · tribute_sent a jugador 2 |
| 49:53 | 整点幽默的 · tribute_sent a jugador 3 |
| 49:53 | 整点幽默的 · tribute_sent a jugador 4 |
| 49:53 | 整点幽默的 · tribute_sent a jugador 5 |
| 49:53 | 整点幽默的 · tribute_sent a jugador 7 |
| 49:53 | 整点幽默的 · tribute_sent a jugador 8 |
| 51:44 | 整点幽默的 · resign |
[ AI ANALYSIS · 1 CREDIT ]
What really happened in this match?
Wolo.gg analyzes every decision: build order, eco, micro, common mistakes by bracket. Personalized analysis on WhatsApp or Discord in 30 seconds.
Civ guide
Berbers
Perfil
Jugador #4551521